 Dungeon Crawl Stone Soup version 0.25-a0-62-g88673ef095 (webtiles) character file.

Game seed: 13458218276566966358, levelgen mode: deterministic

188 BryzzWind the Ruffian (level 5, -2/42 HPs)
             Began as a Draconian Transmuter on Oct 30, 2019.
             Slain by a hound (5 damage)
             ... on level 3 of the Dungeon.
             The game lasted 00:06:19 (2538 turns).

BryzzWind the Ruffian (Draconian Transmuter)        Turns: 2538, Time: 00:06:19

Health: -2/42      AC:  5    Str: 13    XL:     5   Next: 39%
Magic:  9/9        EV: 12    Int: 13    God:
Gold:   241        SH:  0    Dex: 12    Spells: 6/9 levels left

rFire    . . .     SeeInvis .     - Unarmed
rCold    . . .     Gourm    .   (no shield)
rNeg     . . .     Faith    .   (armour unavailable)
rPois    .         Spirit   .   (helmet restricted)
rElec    .         Reflect  .   (no cloak)
rCorr    .         Harm     .   (no gloves)
MR       .....                  (no boots)
Stlth    +.........             (no amulet)
HPRegen  0.14/turn              (no ring)
MPRegen  0.11/turn              (no ring)

@: appendage (expiring), drained
A: unfitting armour, horns 2, cold-blooded, AC +5
a: End Transformation


You were on level 3 of the Dungeon.
You were not hungry.
You had grown temporary horns.
You visited 1 branch of the dungeon, and saw 4 of its levels.

You collected 241 gold pieces.

Inventory:

Missiles
 a - 12 arrows
 b - 34 poisoned darts (quivered)
 d - 7 boomerangs
Jewellery
 f - an uncursed ring of see invisible
Scrolls
 e - a scroll of identify
 g - 3 scrolls of remove curse
 i - a scroll of immolation {unknown}
 j - a scroll of magic mapping {unknown}
 k - 2 scrolls of enchant weapon {unknown}
 l - a scroll of teleportation {unknown}
Potions
 h - a potion of heal wounds {unknown}
 m - a potion of invisibility {unknown}
Comestibles
 c - 4 rations


   Skills:
 + Level 2.4(1.7) Fighting
 * Level 2.7(2.0) Dodging
 * Level 4.1(3.4) Unarmed Combat
 + Level 2.7(2.1) Spellcasting
 * Level 3.0(2.3) Transmutations


You had 6 spell levels left.
You knew the following spells:

 Your Spells              Type           Power        Failure   Level  Hunger
a - Beastly Appendage     Tmut           #.....       10%         1    ##.....
b - Sticks to Snakes      Tmut           #.......     14%         2    ###....

Your spell library contained the following spells:

 Spells                   Type           Power        Failure   Level  Hunger
 Spider Form              Tmut/Pois      #.........   43%         3    ####...
 Ice Form                 Ice/Tmut       #.......     83%         4    #####..
 Blade Hands              Tmut           #.........   95%         5    ######.


Dungeon Overview and Level Annotations

Branches:
Dungeon (4/15)
 Temple: D:4-7

Altars:
Vehumet


Innate Abilities, Weirdness & Mutations

Your plain brown scales are hard. (AC +5)
You cannot fit into any form of body armour.
You are cold-blooded and may be slowed by cold attacks.
You have a pair of horns on your head.


Message History

* * * LOW HITPOINT WARNING * * *
Your transformation is almost over.
The hound bites you.
* * * LOW HITPOINT WARNING * * *
You see here a +2 flail of draining.
The hound bites you.
* * * LOW HITPOINT WARNING * * *
There is a stone staircase leading up here.
Okay, then.
Magic restored.
The hound bites you but does no damage.
You climb upwards.
There is a stone staircase leading down here.
Unknown command.
A hound is nearby!
You barely miss the hound. The hound bites you.
* * * LOW HITPOINT WARNING * * *
The hound bites you.
* * * LOW HITPOINT WARNING * * *
You hit the hound but do no damage. The hound bites you.
You die...

#..###.### #####...#### #......#
#...# ###..###### #...####
#.........# ####...#
#####.#..####.# #.[.#
####.....##.## #.### #...#
........###..###...##########....
.................h.).............
...#...#....#...@#.#####.######.#
..###.###...#......# #.# ##.#
#..#...#...........#####.# #...
#...._....<.........##...# #...
#..#...#..#............### ##...
#.###.###...........#### ####....
#..#...#...............###....#..
#..........#..).)...##..#..####..
##.....###)#.........##...#####..


You could see a hound.

Vanquished Creatures
  An orc wizard (D:3)
  Terence (D:2)
  A gnoll (D:4)
  2 adders
  3 worms
  3 dart slugs
  4 leopard geckos
  12 orcs (D:3)
  9 bats
  3 giant cockroaches
  7 goblins
  5 hobgoblins
  3 jackals (D:2)
  A quokka (D:2)
  4 ball pythons
  4 frilled lizards
  9 kobolds
  7 rats
79 creatures vanquished.

Notes
Turn   | Place    | Note
-------+----------+-------------------------------------------
     0 | D:1      | BryzzWind the Draconian Transmuter began the quest for the
                  | Orb.
     0 | D:1      | Reached XP level 1. HP: 16/16 MP: 3/3
   211 | D:1      | Reached XP level 2. HP: 20/23 MP: 5/5
   860 | D:2      | Noticed Terence
   865 | D:2      | Reached XP level 3. HP: 24/29 MP: 6/6
   882 | D:2      | Killed Terence
  1267 | D:2      | Reached XP level 4. HP: 26/36 MP: 5/7
  1504 | D:2      | Learned a level 2 spell: Sticks to Snakes
  1536 | D:3      | Found a radiant altar of Vehumet.
  2085 | D:3      | Reached skill level 4 in Unarmed Combat
  2118 | D:3      | Reached XP level 5. HP: 10/41 MP: 9/9
  2538 | D:3      | Slain by a hound

Levels and vault maps discovered:
D:1:      minmay_arrival_stair_chambers, layout_loops_ring
D:2:      layout_rooms, nicolae_overflow_hidden_temple, lemuel_another_geyser,
          uniq_terence
D:3:      layout_rooms, vehumet_crystals
D:4:      lemuel_upstairs_altar, layout_basic, first_ration, uniq_pikel

Skill      XL: |  1  2  3  4  5 |
---------------+----------------+-----
Dodging        | 2 |  2.7
Fighting       | 2 |  2.4
Unarmed Combat | 4 |  4.1
Transmutations | 3 |  3.0
Spellcasting   | |  2.7

Action                   |  1- 3 |  4- 6 || total
-------------------------+-------+-------++-------
Melee: Unarmed           |   143 |   127 ||   270
       Headbutt          |     7 |     7 ||    14
       Tailslap          |    10 |    13 ||    23
       Punch             |     3 |     2 ||     5
       Kick              |    13 |    13 ||    26
 Cast: Beastly Appendage |    23 |    24 ||    47
  Use: Scroll            |     3 |       ||     3
       Potion            |       |     3 ||     3
  Eat: Chunk             |     1 |     5 ||     6
Armor: Skin              |    27 |    29 ||    56
Dodge: Dodged            |   104 |    71 ||   175

Table legend:
 A = Non-vault XP
 B = Vault XP
 C = Vault XP percentage of total XP
 D = Non-vault monster count
 E = Vault monster count
 F = Vault count percentage of total count
                 A         B        C        D         E       F
            +---------+---------+-------+---------+---------+-------
      Total |     233 |      36 |  13.4 |      78 |       1 |   1.3
            +---------+---------+-------+---------+---------+-------
        D:1 |      27 |       0 |   0.0 |      14 |       0 |   0.0
        D:2 |      57 |      36 |  38.7 |      27 |       1 |   3.6
        D:3 |     135 |       0 |   0.0 |      36 |       0 |   0.0
        D:4 |      14 |       0 |   0.0 |       1 |       0 |   0.0
            +---------+---------+-------+---------+---------+-------
